 Dungeon Crawl Stone Soup version 0.30.0-29-ga12c61a403 (webtiles) character file.

Game seed: 10799490757261429590

75 monsoonserge the Ducker (level 4, 37/37 HPs)
             Began as a Merfolk Monk on June 15, 2023.
             Was a Believer of Elyvilon.
             Quit the game on level 2 of the Dungeon.
             The game lasted 00:05:48 (1836 turns).

monsoonserge the Ducker (Merfolk Monk)              Turns: 1836, Time: 00:05:49

Health: 37/37      AC:  6    Str: 13    XL:     4   Next: 31%
Magic:  4/4        EV: 11    Int:  9    God:    Elyvilon [**....]
Gold:   178        SH:  0    Dex: 16    Spells: 3/3 levels left

rFire   . . .        a - +0 arbalest
rCold   . . .        (shield currently unavailable)
rNeg    . . .        j - +0 scale mail
rPois   .            (no helmet)
rElec   .            (no cloak)
rCorr   .            (no gloves)
SInv    .            (no boots)
Will    .....        (no amulet) Stlth
                     (no ring)
HPRegen 0.26/turn    (no ring)
MPRegen 0.09/turn

%: no passive effects
@: no status effects
A: (nimble swimmer 2), mertail
a: Renounce Religion, Purification, Heal Other


You were on level 2 of the Dungeon.
You worshipped Elyvilon.
Elyvilon was pleased with you.
You visited 1 branch of the dungeon, and saw 3 of its levels.

You collected 178 gold pieces.

Inventory:

Hand Weapons
 a - a +0 arbalest (weapon)
 b - a +0 vampiric spear
 p - a +0 falchion
Armour
 d - an orb of light
 j - a +0 scale mail (worn)
 t - a +0 leather armour
Magical Staves
 w - a staff of air
Scrolls
 e - a scroll of enchant armour {unknown}
 f - a scroll of acquirement {unknown}
 g - a scroll of poison {unknown}
 k - 3 scrolls of identify {unknown}
 n - 2 scrolls of vulnerability {unknown}
 o - a scroll of magic mapping {unknown}
 r - a scroll of teleportation {unknown}
 u - a scroll of torment {unknown}
Potions
 c - 2 potions of ambrosia
 h - a potion of degeneration {unknown}
 i - a potion of haste {unknown}
 l - a potion of heal wounds {unknown}
 m - a potion of brilliance {unknown}
 q - 2 potions of might {unknown}
 s - a potion of curing {unknown}
 v - a potion of mutation {unknown}


   Skills:
 + Level 4.0 Fighting
 - Level 4.0 Long Blades
 + Level 1.9 Polearms
 + Level 0.1 Ranged Weapons
 + Level 5.0 Dodging
 + Level 0.2 Stealth


You had 3 spell levels left.
You didn't know any spells.
Your spell library contained the following spells:

 Spells                   Type           Power      Damage    Failure   Level
 Ignite Poison            Fire/Tmut/Pois 0%         N/A       99%         3
 Sticky Flame             Conj/Fire      0%         2d3       100%        4
 Ignition                 Fire           0%         3d3       100%        8


Dungeon Overview and Level Annotations

Branches:
Dungeon (3/15)

Altars:
Elyvilon

Shops:
D:1 =


Innate Abilities, Weirdness & Mutations

((You are very nimble when in or above water. (Stealth+, EV+, Speed+++)))
Your lower body shifts to a powerful aquatic tail in water.


Message History

You kneel at the altar of Elyvilon.
Elyvilon welcomes you!
You can now purify yourself.
You can now heal and attempt to pacify others.
Done exploring.
Your legs become a tail as you enter the water.
There is a stone staircase leading down here.
You climb downwards.
The hobgoblin shouts!
The goblin shouts!
Found a scroll labelled VAC MULA ABA and 7 gold pieces.
There is a stone staircase leading up here.
The hobgoblin hits you but does no damage.
You climb upwards.
There is a stone staircase leading down here.
You really shouldn't be using an evil item like this.
You feel a sense of dread.
b - a +0 vampiric spear (weapon)
Really attack while wielding your +0 vampiric spear?
This could place you under penance! [Y]es or [N]o only, please.
Really attack while wielding your +0 vampiric spear?
This could place you under penance! [Y]es or [N]o only, please.
Really attack while wielding your +0 vampiric spear?
This could place you under penance! [Y]es or [N]o only, please.
Really attack while wielding your +0 vampiric spear?
This could place you under penance!
Okay, then.
You feel the dreadful sensation subside.
a - a +0 arbalest (weapon)
The hobgoblin hits you.
You shoot a bolt. The bolt barely misses the hobgoblin.
The hobgoblin hits you but does no damage.
The hobgoblin hits you.
You shoot a bolt. The bolt barely misses the hobgoblin.
The hobgoblin hits you but does no damage.
The hobgoblin barely misses you.
You shoot a bolt.
The bolt hits the hobgoblin but does no damage.
The hobgoblin closely misses you. x2
You shoot a bolt. The bolt hits the hobgoblin!
You kill the hobgoblin!
Are you sure you want to abandon this character and quit the game? (Confirm with "yes".)

##~≈≈~~.#...†......#.....#.......
#~~≈≈~..###..####...####....##.##
#~≈≈~~### #..#####..# ##.#.##.##
#~≈≈~## #.....###.# #..#.....
~~≈≈~# ##.##.# #.# ###.#.##...
~≈≈~~### #.##.###.###.#)#...###
~≈≈~<..# #.#...##.##.#..###.#
~≈≈~.#.### #...#......###.# #.###
~≈≈~.....###.#..@##.##.#..###.##<
~≈≈~~...........###.###.#.(......
~~≈≈~......#.#.####.# #..........
#~≈≈~...............# #######....
#~≈≈~~.....#.#.###### #....
#~~≈≈~....#...####.## #....
..~≈≈~...###.####.#.## ##...
88~≈≈~~88....###.###.## ##..
................## ##.# ##.


There were no monsters in sight!

Vanquished Creatures
  2 adders (D:2)
  2 dart slugs
  A worm (D:2)
  12 bats
  4 endoplasms
  2 giant cockroaches (D:2)
  4 goblins
  5 hobgoblins
  2 jackals (D:1)
  5 kobolds (D:1)
  2 quokkas (D:1)
  4 ball pythons
  3 rats
48 creatures vanquished.

Notes
Turn   | Place    | Note
-------+----------+-------------------------------------------
     0 | D:1      | monsoonserge the Merfolk Monk began the quest for the Orb.
     0 | D:1      | Reached XP level 1. HP: 18/18 MP: 1/1
    95 | D:1      | Reached XP level 2. HP: 21/24 MP: 2/2
   284 | D:1      | Found Qereod's Jewellery Emporium.
   392 | D:1      | Reached XP level 3. HP: 30/30 MP: 3/3
  1184 | D:2      | Reached skill level 1 in Polearms
  1302 | D:2      | Found a white marble altar of Elyvilon.
  1475 | D:2      | Reached skill level 5 in Dodging
  1475 | D:2      | Reached XP level 4. HP: 37/37 MP: 4/4
  1709 | D:2      | Found a faded altar of an unknown god.
  1787 | D:2      | Became a worshipper of Elyvilon the Healer
  1787 | D:2      | Reached * piety under Elyvilon
  1787 | D:2      | Reached ** piety under Elyvilon
  1836 | D:2      | Quit the game

Illustrated notes

Levels and vault maps discovered:
D:1:      lemuel_arrival_river_ford, layout_basic, serial_shops,
          nicolae_shop_tiny_real_fake_doors
D:2:      wander_river, layout_loops_ring,
          shapermc_ecumenical_altar_mp_ritualfount, basic_altar
D:3:      layout_loops_cross, nicolae_overflow_ecumenical_swirl,
          mainiacjoe_overflow_concentric_impassable,
          nicolae_elevator_lobby_plus, uniq_sigmund

Skill      XL: |  1  2  3 |
---------------+----------+-----
Long Blades    | 4 |  4.0
Fighting       | 4 |  4.0
Polearms       | 1 |  1.9
Dodging        | 5 |  5.0
Ranged Weapons | |  0.1
Stealth        | |  0.2

Action                     |  1- 3 |  4- 6 || total
---------------------------+-------+-------++-------
  Melee: Falchion          |    35 |       ||    35
         Spear             |    79 |    10 ||    89
   Fire: Arbalest          |     9 |    11 ||    20
 Armour: Robe              |    25 |       ||    25
         Scale mail        |       |     7 ||     7
  Dodge: Dodged            |    93 |     7 ||   100
